 Dungeon Crawl Stone Soup version 0.16.1-11-g651b585 (webtiles) character file.

207 vatarom the Changer (level 5, -1/36 HPs)
             Began as an Octopode Transmuter on Apr 4, 2015.
             Slain by a gnoll
             ... wielding a cursed -1 halberd
              (7 damage)
             ... on level 3 of the Dungeon.
             The game lasted 00:05:05 (2398 turns).

vatarom the Changer (Octopode Transmuter)           Turns: 2398, Time: 00:05:05

Health: -1/36      AC:  2    Str:  9    XL:     5   Next: 85%
Magic:  7/9        EV: 20    Int: 16    God:
Gold:   105        SH:  0    Dex: 18    Spells: 3 memorised, 2 levels left

rFire  . . .     SeeInvis .       - Unarmed
rCold  . . .     Clarity  .     (shield currently unavailable)
rNeg   . . .     SustAb   .     (helmet currently unavailable)
rPois  x         Gourm    .     (no amulet)
rElec  .         Spirit   .     (no ring)
rCorr  .         Warding  .     (no ring)
rMut   .         Stasis   .     (no ring)
MR     .....                    (no ring)
Stlth  +++.......               (no ring)
                                (no ring)
                                (no ring)
                                (no ring)

@: about to teleport, spider-form (expiring), not resistant to hostile
enchantments, fairly stealthy
A: almost no armour, amphibious, 8 rings, (constrict 8), (camouflage 0),
(gelatinous body 0)
a: End Transformation


You were on level 3 of the Dungeon.
You were not hungry.
You were a venomous arachnid creature.
You visited 1 branch of the dungeon, and saw 3 of its levels.

You collected 105 gold pieces.

Inventory:

Missiles
 b - 9 arrows
Jewellery
 c - an uncursed ring of ice
Scrolls
 e - 4 scrolls of identify
Potions
 h - a potion of heal wounds
 j - a potion of mutation {unknown}
Books
 d - a book of Changes

   Spells                             Type                      Level
   a - Beastly Appendage              Transmutation                1
   b - Sticks to Snakes               Transmutation                2
   c - Spider Form                    Transmutation/Poison         3
   d - Ice Form                       Ice/Transmutation            4
   e - Blade Hands                    Transmutation                5
Comestibles
 a - a bread ration
 f - a beef jerky
 g - 2 meat rations


   Skills:
 + Level 3.1 Fighting
 - Level 2.0 Dodging
 - Level 2.4 Stealth
 - Level 3.0 Unarmed Combat
 - Level 2.0 Spellcasting
 * Level 4.5 Transmutations


You had 2 spell levels left.
You knew the following spells:

 Your Spells              Type           Power        Failure   Level  Hunger
a - Beastly Appendage     Trmt           ###...       12%         1    #......
b - Sticks to Snakes      Trmt           ###.......   17%         2    ###....
c - Spider Form           Trmt/Pois      #.........   50%         3    ###....


Dungeon Overview and Level Annotations

Branches:
Dungeon (3/15)

Altars:


Innate Abilities, Weirdness & Mutations

You cannot wear most types of armour.
You are amphibious.
You can wear up to eight rings at the same time.
((You can use your tentacles to constrict many enemies at once.))
((Your skin changes colour to match your surroundings (Stealth).))
((Your rubbery body absorbs attacks (AC +1).))


Message History

The gnoll hits you from afar with a halberd.
* * * LOW HITPOINT WARNING * * *
The orc completely misses you.
Read which item? (? for menu, Esc to quit)
As you read the scroll labeled ARIJUIF QICHOL, it crumbles to dust.
You feel strangely unstable.
It was a scroll of teleportation.
The orc misses you. The orc completely misses you. The gnoll barely misses you.
Unknown command.
You hit the orc but do no damage.
The orc is poisoned.
The orc hits you.
* * * LOW HITPOINT WARNING * * *
The orc closely misses you.
You hit the orc but do no damage.
The orc looks even sicker.
The orc is lightly wounded.
The gnoll barely misses you. The orc hits you.
* * * LOW HITPOINT WARNING * * *
The orc misses you.
You hit the orc.
You kill the orc! x2
The gnoll hits you from afar with a halberd!
You die...

♣.♣P.....#
♣.......#
♣.P.♣♣♣#...#
... ##..# ♣
♣#..## ♣....#
#....# ♣♣
#)...# ♣..♣
#s...#
....♣o.##))..#
....o...g...##
..o....P....#
....P..#...#
......P....#
.#'#...P...# #
#.P.P...#
#..PP#...


You could see a gnoll.

Vanquished Creatures
  2 orc priests (D:3)
  2 orc wizards (D:3)
  A river rat (D:3)
  A gnoll (D:3)
  3 adders (D:2)
  A giant gecko (D:1)
  An ooze (D:2)
  9 orcs (D:3)
  4 bats
  4 hobgoblins
  4 kobolds
  4 giant cockroaches
  2 giant newts
  6 goblins (D:1)
  A quokka (D:2)
  6 rats
51 creatures vanquished.

Vanquished Creatures (collateral kills)
  A worm (D:2)
1 creature vanquished.

Grand Total: 52 creatures vanquished

Notes
Turn   | Place    | Note
--------------------------------------------------------------
     0 | D:1      | vatarom, the Octopode Transmuter, began the quest for the Orb.
     0 | D:1      | Reached XP level 1. HP: 13/13 MP: 3/3
    90 | D:1      | Reached skill level 1 in Stealth
   145 | D:1      | Reached XP level 2. HP: 13/18 MP: 4/4
   332 | D:1      | Learned a level 2 spell: Sticks to Snakes
   872 | D:2      | Reached XP level 3. HP: 23/23 MP: 6/6
  1644 | D:2      | Learned a level 3 spell: Spider Form
  1836 | D:2      | Reached XP level 4. HP: 16/29 MP: 7/7
  2234 | D:3      | Reached XP level 5. HP: 22/35 MP: 9/9
  2321 | D:3      | Reached skill level 4 in Transmutations
  2398 | D:3      | Slain by a gnoll

Action                   |  1- 3 |  4- 6 || total
-------------------------+-------+-------++-------
Melee: Unarmed           |    72 |    46 ||   118
 Cast: Beastly Appendage |     5 |       ||     5
       Sticks to Snakes  |     3 |       ||     3
       Spider Form       |       |     4 ||     4
  Use: Scroll            |     5 |     1 ||     6
       Potion            |     4 |       ||     4
 Stab: Sleeping          |     7 |       ||     7
  Eat: Bread ration      |     1 |       ||     1
       Chunk             |     1 |       ||     1
